 Dungeon Crawl Stone Soup version 0.30.0-10-gfe55d96785 (webtiles) character file.

Game seed: 13101188691588166512

3 sasquatch the Trooper (level 1, 0/18 HPs)
             Began as a Merfolk Fighter on May 13, 2023.
             Slain by a gnoll
             ... wielding a +0 whip
              (6 damage)
             ... on level 1 of the Dungeon.
             The game lasted 00:00:20 (113 turns).

sasquatch the Trooper (Merfolk Fighter)              Turns: 113, Time: 00:00:21

Health: 0/18       AC:  6    Str: 16    XL:     1   Next: 50%
Magic:  1/1        EV:  8    Int:  7    God:
Gold:   40         SH:  4    Dex: 13    Spells: 0/0 levels left

rFire   . . .        a - +0 long sword
rCold   . . .        c - +0 buckler
rNeg    . . .        b - +0 scale mail
rPois   .            (no helmet)
rElec   .            (no cloak)
rCorr   .            (no gloves)
SInv    .            (no boots)
Will    .....        (no amulet) Stlth
                     (no ring)
HPRegen 0.23/turn    (no ring)
MPRegen 0.07/turn

%: no passive effects
@: no status effects
A: (nimble swimmer 2), mertail
a: no special abilities


You were on level 1 of the Dungeon.
You visited 1 branch of the dungeon, and saw 1 of its levels.

You collected 40 gold pieces.

Inventory:

Hand Weapons
 a - a +0 long sword (weapon)
Armour
 b - a +0 scale mail (worn)
 c - a +0 buckler (worn)
Scrolls
 e - a scroll of butterflies {unknown}
 f - a scroll of magic mapping {unknown}
 g - a scroll of identify {unknown}
 h - a scroll of immolation
 j - a scroll of fog {unknown}
Potions
 d - a potion of might
 i - a potion of brilliance {unknown}


   Skills:
 - Level 3.2 Fighting
 * Level 2.8 Long Blades
 - Level 2.1 Armour
 - Level 3.0 Shields


You couldn't memorise any spells.
You didn't know any spells.
Your spell library contained the following spells:

 Spells                   Type           Power      Damage    Failure   Level
 Freeze                   Ice            0%         1d3       91%         1
 Frozen Ramparts          Ice            0%         1d1       100%        3
 Hailstorm                Conj/Ice       0%         3d3       100%        3


Dungeon Overview and Level Annotations

Branches:
Dungeon (1/15)

Altars:


Innate Abilities, Weirdness & Mutations

((You are very nimble when in or above water. (Stealth+, EV+, Speed+++)))
Your lower body shifts to a powerful aquatic tail in water.


Message History

You add the spells Freeze, Frozen Ramparts and Hailstorm to your library.
Key pressed, stopping explore.
No target in view!
Key pressed, stopping explore.
No target in view!
No target in view!
Found a robe.
No target in view!
j - a scroll labelled IRGHUZX APRINLISE No target in view!
Found a faded altar of an unknown god.
No target in view!
You now have 40 gold pieces (gained 10).
Key pressed, stopping explore.
No target in view!
No target in view!
A kobold comes into view. It is wielding a +0 club.
The kobold shouts!
A gnoll comes into view. It is wielding a +0 whip.
The gnoll shouts!
There are monsters nearby!
There are monsters nearby!
You hit the kobold.
You kill the kobold!
A frilled lizard comes into view.
The gnoll hits you with a +0 whip.
You hit the gnoll.
The gnoll is lightly wounded.
The gnoll hits you with a +0 whip.
You hit the gnoll.
The gnoll is heavily wounded.
The gnoll hits you with a +0 whip.
You hit the gnoll.
The gnoll is heavily wounded.
The gnoll hits you with a +0 whip. x2
You barely miss the gnoll.
The gnoll is heavily wounded.
The frilled lizard bites you but does no damage.
The gnoll hits you with a +0 whip.
You die...

#.........##
####.##..##....#
#..............
#......#..#.#..
##...#.#........
.................
###....#..#..#...#
......[.#.##.#...#
###..#..._.@g....#
#..#..#.#l.....#
#.....#..#.....#
#.##..... .##..# #
#........ ##
.###+#.#.# .. ....
###


You could see a gnoll and a frilled lizard.

Vanquished Creatures
  A goblin (D:1)
  2 kobolds (D:1)
3 creatures vanquished.

Notes
Turn   | Place    | Note
-------+----------+-------------------------------------------
     0 | D:1      | sasquatch the Merfolk Fighter began the quest for the Orb.
     0 | D:1      | Reached XP level 1. HP: 18/18 MP: 1/1
   100 | D:1      | Found a faded altar of an unknown god.
   113 | D:1      | Slain by a gnoll

Illustrated notes

Levels and vault maps discovered:
D:1:      dpeg_arrival_boxes_within_box, layout_loops_ring,
          hellmonk_ecumenical_altar_blasted

Action                     || total
---------------------------++-------
  Melee: Long sword        ||     7
 Armour: Scale mail        ||     1
  Block: Buckler           ||     1
